 Dungeon Crawl Stone Soup version bcrawl-1.38.2 (webtiles) character file.

Game seed: 6923244296693613241

12758315 Artagas the Cloud Mage (level 26, 203/203 (207) HPs)
             Began as a High Elf Venom Mage on Apr 28, 2023.
             Was the Champion of Sif Muna.
             Escaped with the Orb
             ... and 3 runes on May 2, 2023!
             The game lasted 04:38:00 (76829 turns).

Artagas the Cloud Mage (High Elf Venom Mage)       Turns: 76829, Time: 04:38:01

HP:   203/203 (207) AC: 30    Str:  5    XL:     26   Next: 90%
MP:   46/46         EV: 30    Int: 38    God:    Sif Muna [******]
Gold: 4285          SH:  8    Dex: 28    Spells: 3/61 levels left

rFire    + + .     GDR:     46% a - staff of conjuration
rCold    + + .     Archmagi +   k - +2 buckler {AC+3}
rNeg     + . .     SeeInvis +   Y - +4 acid dragon scales
rPois    .         Gourm    .   I - +3 crown of Dyrovepreva {rElec Int+2 SInv}
rElec    +         Faith    .   Z - +2 cloak
rCorr    +         Spirit   .   x - +2 pair of gloves
MR       +++..     Reflect  .   V - +1 pair of boots
Stlth    ++........             f - amulet of Vostry {Acrobat Dex+2 SInv}
HPRegen  0.43/turn              K - ring of the Mage {MR+ Archmagi}
MPRegen  0.30/turn              g - ring of Jitajyeg {rF+ rC++ rN+}

@: deflect missiles
A: obsessive focus, horns 1, blurry vision 1, fire resistance 1, weak 1,
MP-powered wands
0: Orb of Zot
}: 3/15 runes: serpentine, barnacled, slimy
a: Divine Energy, Channel Magic, Forget Spell, Moment of Magic, Renounce
Religion


You escaped.
You worshipped Sif Muna.
Sif Muna was exalted by your worship.
You were not hungry.

You visited 11 branches of the dungeon, and saw 46 of its levels.
You also visited: Bailey and Ice Cave.

You collected 6889 gold pieces.
You spent 2604 gold pieces at shops.

Inventory:

Hand Weapons
 b - a +9 rapier of speed
   (You took it off a merfolk aquamancer on level 3 of the Shoals)
 G - the +1 rapier of Fautoez {flame, *Corrode rN+++ Str+5 Stlth-}
   (You bought it in a shop on level 11 of the Dungeon)

   It has been specially enchanted to surge with flame as it hits, increasing
   damage dealt by approximately one third against foes not resistant or
   susceptible to fire.
   It affects your strength (+5).
   It renders you almost immune to negative energy.
   It may corrode you when you take damage.
   It makes you less stealthy.
Missiles
 l - 2225 poisoned tomahawks (quivered)
 D - 5 throwing nets {=f}
Armour
 k - a +2 buckler of protection (worn)
   (You found it on level 5 of the Pits of Slime)
 x - a +2 pair of gloves (worn)
   (You found it on level 5 of the Dungeon)
 I - the +3 crown of Dyrovepreva (worn) {rElec Int+2 SInv}
   (You acquired it on level 3 of the Shoals)

   It affects your intelligence (+2).
   It insulates you from electricity.
   It lets you see invisible.
 V - a +1 pair of boots (worn)
   (You found it on level 12 of the Dungeon)
 Y - +4 acid dragon scales (worn)
   (You found it on level 10 of the Dungeon)
 Z - a +2 cloak (worn)
   (You found it on level 1 of the Dungeon)
Magical Staves
 a - an uncursed staff of conjuration (weapon)
   (You found it on level 3 of the Elven Halls)
Jewellery
 c - the amulet of Qeucoriz {Spirit *Drain rElec Int+7}
   (You took it off a yaktaur captain on level 4 of the Depths)

   [amulet of guardian spirit]

   It causes incoming damage to be split between your health and magic.
   It affects your intelligence (+7).
   It insulates you from electricity.
   It causes draining when unequipped.
 f - the amulet of Vostry (around neck) {Acrobat Dex+2 SInv}
   (You found it on level 5 of the Pits of Slime)

   [amulet of the acrobat]

   It helps you evade while moving and waiting.
   It affects your dexterity (+2).
   It lets you see invisible.
 g - the ring of Jitajyeg (right hand) {rF+ rC++ rN+}
   (You bought it in a shop in the Orcish Mines)

   [ring of positive energy]

   It protects you from fire.
   It greatly protects you from cold.
   It protects you from negative energy.
 i - an uncursed ring of flight
   (You took it off a spriggan berserker on level 5 of the Depths)
 m - an uncursed ring of protection from magic
   (You took it off a merfolk on level 3 of the Shoals)
 o - an uncursed ring of poison resistance
   (You found it on level 3 of the Snake Pit)
 p - a +5 ring of protection
   (You found it on level 1 of the Depths)
 E - the ring "Avillergh" {rF++ MP+9}
   (You took it off a deep elf elementalist on level 3 of the Elven Halls)

   [ring of magical power]

   It greatly protects you from fire.
   It affects your magic capacity (+9).
 K - the ring of the Mage (left hand) {MR+ Archmagi}
   (You bought it in a shop in the Orcish Mines)

   [ring of protection from magic]

   It affects your resistance to hostile enchantments.
   It increases the power of your magical spells.
 L - the ring "Xeleeb" {*Corrode rElec rPois MR+ Int+5 Dex+3}
   (You took it off a fire giant on level 4 of the Depths)

   [ring of protection from magic]

   It affects your intelligence (+5).
   It affects your dexterity (+3).
   It insulates you from electricity.
   It protects you from poison.
   It affects your resistance to hostile enchantments.
   It may corrode you when you take damage.
 Q - the amulet "Nati" {Reflect rPois SH+2}
   (You bought it in a shop on level 11 of the Dungeon)

   [amulet of reflection]

   It shields you and reflects attacks.
   It protects you from poison.
   It affects your SH (+2).
 W - the ring of Jicew {+Fly rElec Str+6 Dex+7}
   (You found it on level 3 of the Depths)

   [ring of strength]

   It affects your strength (+6).
   It affects your dexterity (+7).
   It insulates you from electricity.
   It lets you fly.
Wands
 u - a wand of acid (8)
   (You found it on level 3 of the Depths)
 v - a wand of digging (13)
   (You found it on level 3 of the Shoals)
 R - a wand of paralysis (41)
   (You found it on level 8 of the Dungeon)
 T - a wand of iceblast (9)
   (You found it on level 3 of the Depths)
Scrolls
 t - 9 scrolls of teleportation
 z - 2 scrolls of blinking
 A - 3 scrolls of fog
 C - 2 scrolls of fear
 F - a scroll of summoning
 N - 2 scrolls of magic mapping
 O - 6 scrolls of immolation
Potions
 d - 6 potions of might
 n - 2 potions of resistance
 q - 20 potions of curing
 r - 3 potions of invisibility
 s - 9 potions of agility
 w - 4 potions of heal wounds
 y - 3 potions of mutation
 B - 4 potions of ambrosia
 H - 2 potions of magic
 M - 6 potions of lignification
 S - 2 potions of berserk rage
 U - 2 potions of cancellation
 X - 4 potions of flight
Miscellaneous
 J - 5 phantom mirrors
Comestibles
 e - 23 rations {!d}


   Skills:
 + Level 16.9 Fighting
 - Level 9.0 Short Blades
 - Level 17.0 Armour
 - Level 19.0 Dodging
 - Level 9.0 Stealth
   Level 1.0 Unarmed Combat
 - Level 18.0 Spellcasting
 - Level 23.0 Conjurations
 - Level 23.1 Air Magic
 - Level 10.0 Poison Magic
 - Level 15.0 Invocations


You had 3 spell levels left.
You knew the following spells:

 Your Spells              Type           Power        Failure   Level  Hunger
a - Chain Lightning       Conj/Air       #########.   2%          8    None
b - Orb of Destruction    Conj           #########.   1%          7    None
c - Poison Arrow          Conj/Pois      #########.   1%          6    None
d - Ignite Poison         Fire/Tmut/Pois ######..     3%          3    None
e - Mephitic Cloud        Conj/Pois/Air  ########     0%          3    None
f - Irradiate             Conj/Tmut      ########..   1%          5    None
g - Conjure Ball Lightni  Conj/Air       #########.   1%          6    None
h - Olgreb's Toxic Radia  Pois           ########.    1%          4    None
i - Swiftness             Chrm/Air       ########     1%          2    None
j - Deflect Missiles      Chrm/Air       ########..   5%          6    None
k - Glaciate              Conj/Ice/Air   ########..   45%         8    None

Your spell library contained the following spells:

 Spells                   Type           Power        Failure   Level  Hunger
 Magic Dart               Conj           ####         0%          1    None
 Static Discharge         Air            ######       0%          1    None
 Sting                    Conj/Pois      ####         0%          1    None
 Poisonous Vapours        Pois/Air       ######       0%          2    None
 Searing Ray              Conj           ########     0%          2    None
 Shock                    Conj/Air       #######      0%          2    None
 Iskenderun's Mystic Bla  Conj           ########     0%          3    None
 Flame Tongue             Conj/Fire      #####        1%          1    None
 Throw Frost              Conj/Ice       ######       1%          2    None
 Conjure Flame            Conj/Fire      ########     1%          3    None
 Dazzling Orbs            Conj/Hex       #######      1%          3    None
 Spider Form              Tmut/Pois      ###          1%          3    None
 Stone Arrow              Conj/Erth      ######       1%          3    None
 Apportation              Tloc           ######       4%          1    None
 Beastly Appendage        Tmut           ######       4%          1    None
 Blink Other              Tloc           ######       4%          1    None
 Corona                   Hex            ######.      4%          1    None
 Freeze                   Ice            ######       4%          1    None
 Infusion                 Chrm           ######..     4%          1    None
 Necrotize                Necr           ######       4%          1    None
 Sandblast                Erth           ######       4%          1    None
 Slow                     Hex            ######..     4%          1    None
 Summon Butterflies       Summ           ######..     4%          1    None
 Blink                    Tloc           N/A          6%          2    None
 Call Imp                 Summ           ######       6%          2    None
 Ensorcelled Hibernation  Hex/Ice        ######       6%          2    None
 Flaming Arrows           Chrm/Fire      ######..     6%          2    None
 Passwall                 Tmut/Erth      ######..     6%          2    None
 Shackle                  Hex            ######..     6%          2    None
 Song of Slaying          Chrm           ######..     6%          2    None
 Sticks to Snakes         Tmut           ######..     6%          2    None
 Sublimation of Blood     Necr           ######....   6%          2    None
 Beckoning                Tloc           ######....   12%         3    None
 False Image              Hex/Summ       ######..     12%         3    None
 Inner Flame              Hex/Fire       N/A          12%         3    None
 Ozocubu's Armour         Chrm/Ice       ######..     12%         3    None
 Portal Projectile        Tloc           ######       12%         3    None
 Recall                   Summ/Tloc      N/A          12%         3    None
 Regeneration             Chrm/Necr      ######....   12%         3    None
 Spectral Weapon          Hex/Chrm       ######..     12%         3    None
 Teleport Other           Tloc           ######..     12%         3    None
 Tukima's Dance           Hex            ######..     12%         3    None
 Vampiric Draining        Necr           ######....   12%         3    None
 Airstrike                Air            ########..   0%          4    None
 Lightning Bolt           Conj/Air       ########     0%          4    None
 Fulminant Prism          Conj/Hex       ########..   1%          4    None
 Sticky Flame             Conj/Fire      ########     1%          4    None
 Throw Icicle             Conj/Ice       ########     1%          4    None
 Bolt of Draining         Conj/Necr      ########..   1%          5    None
 Fireball                 Conj/Fire      ########..   1%          5    None
 Freezing Cloud           Ice/Air        ########     1%          5    None
 Iskenderun's Battlesphe  Conj/Chrm      ########     1%          5    None
 Silence                  Hex/Air        ########..   1%          5    None
 Summon Lightning Spire   Summ/Air       ########     1%          5    None
 Venom Bolt               Conj/Pois      #########.   1%          5    None
 Bolt of Magma            Conj/Fire/Erth ########..   4%          5    None
 Summon Scorpions         Summ/Pois      #######.     5%          4    None
 Bolt of Cold             Conj/Ice       ########..   5%          6    None
 Bolt of Fire             Conj/Fire      ########..   5%          6    None
 Iron Shot                Conj/Erth      ########..   5%          6    None
 Icicle Burst             Conj/Ice       ########..   30%         7    None
 Mana Rupture             Conj/Hex       ########..   30%         7    None
 Spellforged Servitor     Conj/Summ      ########..   30%         7    None
 Agony                    Necr           ######..     38%         4    None
 Animate Dead             Necr           N/A          38%         4    None
 Cause Fear               Hex            ######....   38%         4    None
 Force Lance              Tloc           ######..     38%         4    None
 Ice Form                 Ice/Tmut       ######..     38%         4    None
 Petrify                  Tmut/Erth      ######....   38%         4    None
 Tree Form                Hex/Tmut       N/A          38%         4    None
 Yara's Violent Unravell  Hex/Tmut       ######....   38%         4    None
 Virulence                Hex/Pois       #######.     63%         6    None
 Blade Hands              Tmut           ######....   75%         5    None
 Dispel Undead            Necr           ######..     75%         5    None
 Lee's Rapid Deconstruct  Erth           ######....   75%         5    None
 Metabolic Englaciation   Hex/Ice        ######....   75%         5    None
 Piercing Shot            Chrm           ######....   75%         5    None
 Steam Barrier            Chrm/Fire      ######....   75%         5    None
 Summon Demon             Summ           ######....   75%         5    None
 Summon Forest            Summ/Tloc      ######....   75%         5    None
 Summon Mana Viper        Hex/Summ       ######..     75%         5    None
 Infestation              Hex/Tmut/Pois  ######...    86%         6    None
 Lehudib's Crystal Spear  Conj/Erth      ########..   94%         8    None
 Tornado                  Tloc/Air       ########..   94%         8    #####..
 Aura of Abjuration       Summ           ######....   99%         6    None
 Borgnjor's Vile Clutch   Necr/Erth      ######....   99%         6    None
 Darkness                 Hex            ######....   99%         6    None
 Dispersal                Tloc           ######....   99%         6    None
 Invisibility             Hex            ######..     99%         6    None
 Ozocubu's Refrigeration  Ice            ######....   99%         6    None
 Simulacrum               Ice/Necr       ######..     99%         6    None
 Statue Form              Tmut/Erth      ######...    99%         6    None
 Summon Hydra             Summ           ######....   99%         6    None
 Dragon Form              Tmut           ######.      100%        7    ###....
 Haunt                    Necr/Summ      ######....   100%        7    ###....
 Malign Gateway           Summ/Tloc      ######....   100%        7    ###....
 Shadow Creatures         Summ           N/A          100%        7    ###....
 Ignition                 Fire           ######....   100%        8    #####..
 Necromutation            Tmut/Necr      ######..     100%        8    #####..
 Time Stop                Chrm/Tloc      N/A          100%        8    #####..
 Dragon's Call            Summ           ######....   100%        9    ######.
 Fire Storm               Conj/Fire      ########..   100%        9    None
 Shatter                  Erth           ######....   100%        9    ######.
 Passage of Golubria      Tloc           Unusable     N/A         5    N/A

Dungeon Overview and Level Annotations

Branches:
Dungeon (12/12)            Temple (1/1) D:7            Lair (6/6) D:9
 Shoals (3/3) Lair:3        Snake (3/3) Lair:3        Slime (5/5) Lair:6
    Orc (1/1) D:10            Elf (3/3) Orc          Vaults (2/3) D:12
  Crypt (0/2) Vaults:2     Depths (5/5) D:12            Zot (5/5) Depths:5

Altars:
Ashenzari
Cheibriados
Dithmenos
Elyvilon
Fedhas
Gozag
Hepliaklqana
Kikubaaqudgha
Lugonu
Makhleb
Nemelex Xobeh
Okawaru
Qazlal
Ru
Sif Muna
Trog
Uskayaw
Vehumet
Wu Jian
Xom
Yredelemnul
Zin
The Shining One
Jiyva

Shops:
D:11 (:=   D:12 *   Orc :?=(   Shoals:2 (   Snake:1 (   Snake:3 (%*(
Vaults:1 *   Vaults:2 (   Depths:2 (

Portals:
Hell: Depths:1 Depths:2 Depths:3 Depths:4 Depths:5
Abyss: Depths:3 Depths:4
Pandemonium: Depths:1 Depths:3 Depths:5
Ziggurat: Depths:2

Annotations:
D:3 3 runed translucent doors, exclusions: 3 doors, zombie and 1 more exclusion, Cris's ghost, amateur DgFi; Cris's ghost, amateur GnIE; SansUndertale's ghost, amateur NaAc
D:4 2 runed translucent doors, tronn's ghost, weakling DjAE
D:10 exclusion: downstairs
D:11 3 runed translucent doors, pretsel's ghost, weakling FoBe
Elf:1 2 runed translucent doors, tronn's ghost, journeyman GnFi
Elf:2 3 runed doors
Vaults:2 8 runed translucent doors, ragingrage's ghost, veteran HOFi
Depths:1 2 transporters, tronn's ghost, journeyman GnWz
Depths:2 2 transporters


Innate Abilities, Weirdness & Mutations

You can't train low skills.
You expend magic power (3 MP) to strengthen your wands.
You have a pair of small horns on your head.
Scrolls take you a little longer to read.
Your flesh is heat resistant. (rF+)
You are weak. (Str -2)


Message History

Press: ? - help, Shift-Dir - straight line, f/p - cherub
Aim: a cherub, wielding a +0 shortbow, wearing a +0 robe and quivering 176 arrows (moderately wounded, poisoned, haloed)
You feel a strong surge of power!
The poison arrow hits the cherub!!!
The cherub partially resists.
The cherub looks more poisoned.
You kill the cherub!
Sif Muna accepts your kill.
(D) Dungeon (T) Temple (L) Lair (A) Shoals (P) Snake Pit (M) Slime Pits (O) Orcish Mines (E) Elven Halls (V) Vaults (C) Crypt (U) Depths (H) Hell (Z) Zot
Where to? (* - list waypoints, Enter - D:1 @ (x,y), ? - help)
A sixfirhy comes into view.
The sixfirhy moves out of view.
Casting: Poison Arrow (safe; 2% risk of failure)
Confirm with . or Enter, or press ? or * to list all spells.
Aiming: Poison Arrow (safe; 2% risk of failure)
Press: ? - help, Shift-Dir - straight line, f - sixfirhy
Aim: a sixfirhy You feel a strong surge of power!
The poison arrow hits the sixfirhy!!!!
The sixfirhy is poisoned.
You kill the sixfirhy!
Sif Muna accepts your kill.
Your control over your magic is sapped.
You feel quite a bit more hungry.
Your magic seems less tainted.
You feel less invigorated.
Evoke which item? (* to show all) (? for menu, Esc to quit)
Aiming: Dig
Press: ? - help, Shift-Dir - straight line This square is covered in magical glow.
You feel a surge of power!
The rock shatters into small pieces.
Evoke which item? (* to show all) (? for menu, Esc to quit)
Aiming: Dig
Press: ? - help, Shift-Dir - straight line This square is covered in magical glow.
You feel a surge of power!
The rock shatters into small pieces.
A rat and an eye of draining come into view.
Casting: Poison Arrow (safe; 1% risk of failure)
Confirm with . or Enter, or press ? or * to list all spells.
Aiming: Poison Arrow (safe; 1% risk of failure)
Press: ? - help, Shift-Dir - straight line, f - rat
Aim: a rat You feel a strong surge of power!
The poison arrow hits the rat!!!
The rat is poisoned.
You kill the rat!
Sif Muna accepts your kill.
Casting: Poison Arrow (safe; 1% risk of failure)
Confirm with . or Enter, or press ? or * to list all spells.
Aiming: Poison Arrow (safe; 1% risk of failure)
Press: ? - help, Shift-Dir - straight line, f - eye of draining
Aim: an eye of draining You feel a strong surge of power!
The poison arrow hits the eye of draining!!!
The eye of draining is poisoned.
You kill the eye of draining!
Sif Muna accepts your kill.
You see here a rat corpse.
An Orb Guardian comes into view.
You feel a little less clever now.
Casting: Poison Arrow (safe; 1% risk of failure)
Confirm with . or Enter, or press ? or * to list all spells.
Aiming: Poison Arrow (safe; 1% risk of failure)
Press: ? - help, Shift-Dir - straight line, f - Orb Guardian
Aim: an Orb Guardian You feel a strong surge of power!
The poison arrow hits the Orb Guardian!!!
The Orb Guardian is poisoned.
The Orb Guardian is severely wounded.
The Orb Guardian gazes at you.
You hurl suddenly forward!
Casting: Poison Arrow (safe; 1% risk of failure)
Confirm with . or Enter, or press ? or * to list all spells.
Aiming: Poison Arrow (safe; 1% risk of failure)
Press: ? - help, Shift-Dir - straight line, f/p - Orb Guardian
Aim: an Orb Guardian (severely wounded, poisoned)
You feel a strong surge of power!
The poison arrow hits the Orb Guardian!!!!
The Orb Guardian looks more poisoned.
You kill the Orb Guardian!
Sif Muna accepts your kill.
Evoke which item? (* to show all) (? for menu, Esc to quit)
Aiming: Dig
Press: ? - help, Shift-Dir - straight line You can't see that place. [a rock wall.]
You feel a surge of power!
The rock shatters into small pieces.
There is a large open door here.
There is a staircase leading out of the dungeon here.
Enter note: It is one hundred bitches.
Enter note: best. fork. ever.
Unknown command.
Saving game... please wait.
Welcome back, Artagas the High Elf Venom Mage.
Sif Muna whispers: I know many secrets...
Press m to set your skill training.
Press ? for a list of commands and other information.
You start resting.
Your magical contamination has completely faded away.
You start resting.
Magic restored.
You have escaped!

#.# #....####.##.#.# #.#
#....##>#..#.#.# #.#
#....##≈#..#.#.# #.#
#....##§#..#.#.# #.#
#.#.###≈#....#.#
######'###.#.###'###..#.#
#.......##.#.##....#..#.#
##..÷...[##.#.##..8.'..#.#
.#.......##.#.##@.8.'..#.#
.'......###.#.##....#..#.#
.####...###.#.###'###..#.#
.'..........#.###≈#....#.#
.############..##§#....#.#
...............##8#..#.#.#
.#############.##>#..#.#.# .....#
#.####.##.#.#
####.#########.####.##.#.########


There were no monsters in sight!

Vanquished Creatures
  the Royal Jelly (Slime:5)
  Dissolution (Slime:3)
  4 juggernauts
  3 ancient liches (Zot:5)
  3 orbs of fire (Zot:5)
  Xtahua (Vaults:2)
  7 golden dragons
  5 Killer Klowns
  Bai Suzhen (Elf:2)
  7 caustic shrikes
  3 curse toes (Zot:5)
  2 rockslimes
  A bone dragon (Depths:5)
  30 Orb Guardians
  3 tentacled monstrosities
  3 pandemonium lords
  3 liches
  Asterion (Depths:1)
  A titan (Depths:3)
  2 deep elf blademasters (Elf:3)
  3 deep elf master archers (Elf:3)
  A quicksilver dragon (Zot:5)
  A kraken (Shoals:1)
  21 acid blobs
  3 death cobs
  2 sphinxes
  4 shadow dragons
  An Executioner (D:10)
  3 tengu reavers
  Donald (Orc)
  2 nagarajas (Snake:3)
  5 draconian monks
  A storm dragon (Depths:5)
  3 draconian knights
  A daeva (D:10)
  9 frost giants
  A war gargoyle (Vaults:2)
  10 fire giants
  An orc warlord (Vaults:2)
  14 azure jellies
  An iron dragon (Depths:5)
  5 vault wardens
  7 deep elf sorcerers (Elf:3)
  8 deep elf elementalists (Elf:3)
  5 draconian annihilators
  4 draconian shifters
  3 spriggan defenders
  9 ironheart preservers
  An elemental wellspring (Shoals:2)
  17 stone giants
  An eye of devastation (shapeshifter) (Snake:3)
  2 eyes of devastation
  6 draconian stormcallers
  A draconian scorcher (Zot:3)
  3 jiangshi (Depths:5)
  9 deep elf demonologists
  A juggernaut skeleton (Depths:2)
  32 very ugly things
  7 deep elf annihilators
  A vampire knight (Depths:1)
  10 green draconians
  7 black draconians
  5 spark wasps
  10 purple draconians
  10 red draconians
  8 white draconians
  10 ettins
  12 dire elephants
  2 lorocyprocas
  2 blizzard demons
  9 merfolk javelineers
  5 yellow draconians
  13 merfolk impalers
  6 deep elf death magi
  6 fire dragons
  15 yaktaur captains
  10 vault guards
  7 merfolk avatars
  13 naga warriors
  8 rakshasas
  11 ice dragons
  5 deep elf high priests (Elf:3)
  7 hydras
  A monstrous demonspawn (Depths:5)
  12 spriggan air magi
  6 merfolk aquamancers
  4 catoblepae
  8 anacondas
  12 two-headed ogres
  9 death oozes
  13 great orbs of eyes
  2 death knights (Vaults:2)
  3 alligator snapping turtles
  18 death yaks
  3 tengu warriors
  9 deep troll shamans
  4 ogre magi
  12 sea snakes
  11 deep troll earth magi
  3 vampire magi
  17 dancing weapons
  6 shock serpents
  5 spriggan berserkers
  6 ironheart beastmasters
  2 orc high priests
  26 centaur warriors
  6 naga sharpshooters
  A sun demon (Depths:3)
  A soul eater (D:1)
  18 deep elf knights
  18 deep trolls
  A sixfirhy (D:1)
  2 salamander mystics (Snake:3)
  3 glowing orange brains
  An infernal demonspawn (Depths:3)
  A cherub (D:1)
  5 flayed ghosts
  A tengu zombie (Vaults:2)
  A phantasmal warrior (Vaults:1)
  2 shadow demons
  14 deep elf archers
  11 harpies
  8 ironheart convokers
  A kraken simulacrum (Shoals:3)
  10 mana vipers
  A harpy (shapeshifter) (Depths:4)
  11 wizards
  10 naga ritualists
  2 cyclopes
  6 necromancers
  5 orc sorcerers
  52 deep elf magi
  3 oklob plants (Lair:6)
  9 orc knights
  A lindwurm (Lair:6)
  2 stone giant zombies
  40 ugly things
  6 salamanders
  8 shining eyes
  8 manticores
  3 fauns (Shoals:1)
  6 moths of wrath
  14 naga magi
  A rust devil (Depths:5)
  7 vault sentinels
  8 merfolk sirens
  A smoke demon (D:9)
  41 black mambas
  A stone giant skeleton (Depths:1)
  A fire giant skeleton (Depths:1)
  4 guardian serpents
  4 water nymphs
  A torpor snail (Lair:6)
  A gargoyle (D:11)
  A hellion (D:7)
  A cane toad (shapeshifter) (Vaults:2)
  30 yaktaurs
  A yaktaur zombie (Vaults:2)
  2 orange demons
  13 cane toads
  7 komodo dragons
  2 freezing wraiths (Vaults:1)
  7 hellwings
  3 rime drakes
  3 kobold demonologists
  3 tengu conjurers (Depths:4)
  2 tormentors
  An entropy weaver simulacrum (Vaults:2)
  2 eyes of draining
  A red devil (Depths:5)
  6 trolls
  A human skeleton (Vaults:1)
  28 merfolk
  A meliai (shapeshifter) (Depths:3)
  6 wind drakes
  5 hornets
  2 harpy skeletons (D:11)
  A harpy zombie (D:12)
  2 polar bears
  A troll (shapeshifter) (Depths:3)
  24 blink frogs
  6 saltlings (Orc)
  9 hippogriffs
  Prince Ribbit (D:6)
  A meliai zombie (D:6)
  173 slime creatures
  14 dream sheep
  3 large abominations
  A blink frog (shapeshifter) (Depths:1)
  5 snapping turtles
  2 spriggan zombies
  22 water elementals
  6 spriggans
  Sigmund (D:5)
  A tarantella (shapeshifter) (Depths:2)
  4 wyverns
  A wraith (D:9)
  45 yaks
  An air elemental (Elf:2)
  4 basilisks
  A steam dragon (D:9)
  6 fire elementals
  3 human simulacra (Vaults:2)
  2 hungry ghosts
  A vampire mosquito (D:12)
  A chaos spawn (Depths:5)
  6 wargs
  Edmund (D:5)
  36 nagas
  3 acid dragons
  12 crocodiles
  4 water moccasins
  Duvessa (D:6)
  3 floating eyes
  13 porcupines
  A phantom (D:11)
  2 soldier ants
  A cane toad skeleton (D:10)
  32 orc warriors
  A soldier ant (shapeshifter) (Vaults:2)
  An ice beast (shapeshifter) (Depths:4)
  A meliai simulacrum (D:12)
  4 sky beasts
  17 ogres
  3 necrophages
  8 boggarts
  10 wolves
  12 bullfrogs
  3 kobold brigands
  Blork the orc (Elf:3)
  Dowan (D:6)
  An earth elemental (Elf:2)
  2 centaurs
  2 scorpions
  13 wights
  3 electric eels (Bailey)
  2 howler monkeys (D:9)
  13 orc priests
  13 crimson imps
  A bullfrog zombie (D:3)
  3 quasits
  6 hounds
  7 jellies
  A bullfrog skeleton (D:8)
  3 iron imps
  Jessica (D:3)
  An iguana (shapeshifter) (Snake:3)
  2 iguanas
  24 orc wizards
  11 worker ants
  A porcupine skeleton (D:9)
  5 hound skeletons
  2 worker ant zombies
  6 gnolls
  A howler monkey skeleton (D:9)
  15 adders
  3 shadow imps
  A white imp (Depths:5)
  An ooze (Slime:2)
  5 adder skeletons
  A worm (shapeshifter) (Snake:3)
  A worm (D:4)
  3 dart slugs
  6 leopard geckos
  77 orcs
  A bat zombie (D:3)
  7 giant cockroaches
  12 goblins
  18 hobgoblins
  11 jackals
  6 quokkas
  A ball python (D:4)
  A bat (shapeshifter) (Snake:3)
  6 bats
  5 frilled lizards
  14 kobolds
  6 rats
  7 bushes (Shoals:3)
  2 fungi (Lair:4)
  A pillar of salt (Orc)
  48 plants
  4 tentacles
2071 creatures vanquished.

Vanquished Creatures (collateral kills)
  A wind drake (Shoals:3)
1 creature vanquished.

Vanquished Creatures (others)
  An eye of devastation (Zot:5)
  3 moths of wrath (Zot:5)
  69 ball lightnings
  2 bushes
  21 fungi
  10 pillars of salt (Orc)
  46 plants
  4 tentacles
156 creatures vanquished.

Grand Total: 2228 creatures vanquished

Notes
Turn   | Place    | Note
-------+----------+-------------------------------------------
     0 | D:1      | Artagas the High Elf Venom Mage began the quest for the
                  | Orb.
     0 | D:1      | Reached XP level 1. HP: 13/13 MP: 4/4
   118 | D:1      | Reached skill level 1 in Unarmed Combat
   166 | D:1      | Reached skill level 1 in Armour
   243 | D:1      | Reached XP level 2. HP: 19/19 MP: 4/6
   246 | D:1      | Learned a level 2 spell: Poisonous Vapours
   424 | D:1      | Reached skill level 1 in Short Blades
   510 | D:1      | Reached skill level 1 in Air Magic
   654 | D:1      | Reached skill level 1 in Fighting
   766 | D:1      | Reached XP level 3. HP: 26/26 MP: 4/7
  1428 | D:2      | Learned a level 3 spell: Ignite Poison
  1665 | D:2      | Reached skill level 2 in Conjurations
  1687 | D:2      | Reached skill level 2 in Air Magic
  2118 | D:2      | Found a faded altar of an unknown god.
  2538 | D:3      | Reached XP level 4. HP: 32/32 MP: 0/8
  2789 | D:3      | Noticed Jessica
  2790 | D:3      | Killed Jessica
  2791 | D:3      | Reached skill level 2 in Short Blades
  2791 | D:3      | Reached skill level 2 in Armour
  2865 | D:3      | Reached skill level 2 in Fighting
  2865 | D:3      | Reached XP level 5. HP: 36/38 MP: 1/9
  2921 | D:3      | Found a runed translucent gate.
  2921 | D:3      | Found a runed translucent gate.
  2924 | D:3      | Found a runed translucent gate.
  2946 | D:3      | Noticed SansUndertale's ghost (amateur NaAc)
  2947 | D:3      | Noticed Cris's ghost (amateur DgFi)
  2947 | D:3      | Noticed Cris's ghost (amateur GnIE)
  3099 | D:3      | Reached skill level 4 in Poison Magic
  3099 | D:3      | Reached skill level 3 in Air Magic
  3166 | D:3      | Found a white marble altar of Elyvilon.
  3179 | D:3      | Became a worshipper of Elyvilon the Healer
  3730 | D:4      | Got a polished mace
  3750 | D:4      | Found a runed translucent door.
  3754 | D:4      | Noticed tronn's ghost (weakling DjAE)
  3760 | D:4      | Reached XP level 6. HP: 44/44 MP: 10/10
  3802 | D:4      | Found a sacrificial altar of Ru.
  3804 | D:4      | Reached skill level 4 in Air Magic
  4048 | D:4      | Reached skill level 3 in Conjurations
  4175 | D:4      | Reached * piety under Elyvilon
  4217 | D:4      | Noticed a sky beast
  4242 | D:4      | Killed a sky beast
  4243 | D:4      | Reached skill level 3 in Armour
  4243 | D:4      | Reached skill level 3 in Dodging
  4243 | D:4      | Reached XP level 7. HP: 50/50 MP: 7/11
  4450 | D:4      | Found a runed translucent door.
  4551 | D:4      | Found a stormy altar of Qazlal.
  4871 | D:5      | Entered Level 5 of the Dungeon
  4925 | D:5      | Noticed Edmund
  4947 | D:5      | Killed Edmund
  4948 | D:5      | Reached skill level 3 in Fighting
  4948 | D:5      | Reached skill level 3 in Short Blades
  4948 | D:5      | Reached skill level 3 in Spellcasting
  4948 | D:5      | Reached skill level 3 in Stealth
  5050 | D:5      | Noticed Sigmund
  5255 | D:5      | Killed Sigmund
  5256 | D:5      | Reached XP level 8. HP: 51/57 MP: 1/13
  5367 | D:5      | Reached skill level 4 in Short Blades
  5405 | D:5      | Noticed a hippogriff
  5429 | D:5      | Killed a hippogriff
  5430 | D:5      | Reached skill level 4 in Armour
  5430 | D:5      | Reached skill level 4 in Dodging
  5430 | D:5      | Reached skill level 4 in Conjurations
  5430 | D:5      | Reached skill level 5 in Air Magic
  5430 | D:5      | Reached skill level 5 in Poison Magic
  5695 | D:5      | Reached ** piety under Elyvilon
  6097 | D:6      | Noticed a troll
  6107 | D:6      | Killed a troll
  6208 | D:6      | Noticed Duvessa
  6209 | D:6      | Noticed Dowan
  6231 | D:6      | Killed Duvessa
  6259 | D:6      | Killed Dowan
  6260 | D:6      | Reached XP level 9. HP: 49/63 MP: 2/14
  6362 | D:6      | Reached skill level 5 in Short Blades
  6382 | D:6      | Reached skill level 5 in Conjurations
  6614 | D:6      | Noticed Prince Ribbit
  6812 | D:6      | Reached skill level 5 in Dodging
  6937 | D:6      | Reached skill level 6 in Air Magic
  7031 | D:6      | Reached skill level 6 in Poison Magic
  7189 | D:6      | Killed Prince Ribbit
  7190 | D:6      | Reached skill level 5 in Armour
  7464 | D:7      | Found a staircase to the Ecumenical Temple.
  7470 | Temple   | Entered the Ecumenical Temple
  7477 | Temple   | Fell from the grace of Elyvilon
  7477 | Temple   | Became a worshipper of Sif Muna the Loreminder
  7683 | D:7      | Reached skill level 6 in Short Blades
  7807 | D:7      | Reached * piety under Sif Muna
  7921 | D:7      | Reached skill level 6 in Conjurations
  7930 | D:7      | Reached XP level 10. HP: 52/68 MP: 5/16
  8286 | D:7      | Reached skill level 4 in Stealth
  8486 | D:7      | Reached skill level 6 in Dodging
  8663 | D:8      | Reached skill level 4 in Spellcasting
  8810 | D:8      | Identified Sif Muna's Almanac of Enchantment (Sif Muna
                  | gifted it to you on level 8 of the Dungeon)
  8810 | D:8      | Received a gift from Sif Muna
  9030 | D:8      | Noticed Maurice
  9034 | D:8      | Noticed Maurice
  9034 | D:8      | Maurice changed into Maurice the warg
  9057 | D:8      | Killed Maurice the warg
  9058 | D:8      | Reached skill level 4 in Fighting
  9212 | D:8      | Learned a level 4 spell: Olgreb's Toxic Radiance
  9218 | D:8      | Learned a level 5 spell: Venom Bolt
  9512 | D:8      | Reached ** piety under Sif Muna
  9679 | D:8      | Reached skill level 7 in Air Magic
 10062 | D:8      | Found an ancient bone altar of Kikubaaqudgha.
 10484 | D:9      | Reached skill level 7 in Poison Magic
 10724 | D:9      | Reached skill level 7 in Short Blades
 10817 | D:9      | Reached skill level 6 in Armour
 10817 | D:9      | Reached skill level 5 in Stealth
 10852 | D:9      | Reached *** piety under Sif Muna
 10888 | D:9      | Reached skill level 7 in Conjurations
 10937 | D:9      | Found a staircase to the Lair.
 11046 | D:9      | Reached XP level 11. HP: 78/78 MP: 16/19
 11108 | D:9      | Found a shimmering altar of Xom.
 11154 | D:9      | Reached skill level 5 in Spellcasting
 11825 | Lair:1   | Entered Level 1 of the Lair of Beasts
 11857 | Lair:1   | Reached skill level 5 in Fighting
 11857 | Lair:1   | Reached skill level 7 in Dodging
 12089 | Lair:1   | Reached **** piety under Sif Muna
 12588 | Lair:1   | Got a shimmering chain mail
 12659 | Lair:1   | Reached skill level 8 in Air Magic
 12674 | Lair:1   | Reached skill level 6 in Stealth
 12962 | Lair:2   | Reached skill level 8 in Poison Magic
 13018 | Lair:2   | Identified Sif Muna's Tome of the Puffin (Sif Muna gifted
                  | it to you on level 2 of the Lair of Beasts)
 13018 | Lair:2   | Received a gift from Sif Muna
 13040 | Lair:2   | Identified the cursed +1 mace of Valour {distort, rC+} (You
                  | found it on level 4 of the Dungeon)
 13177 | Lair:2   | Reached skill level 7 in Armour
 13186 | Lair:2   | Found a frozen archway.
 13220 | IceCv    | Entered an ice cave
 13246 | Lair:2   | Reached ***** piety under Sif Muna
 13270 | Lair:2   | Learned a level 3 spell: Mephitic Cloud
 13286 | Lair:2   | Reached skill level 6 in Spellcasting
 13286 | Lair:2   | Reached skill level 8 in Conjurations
 14092 | Lair:2   | Reached skill level 8 in Dodging
 14544 | Lair:3   | Found a staircase to the Snake Pit.
 14631 | Lair:3   | Reached XP level 12. HP: 86/86 MP: 16/22
 14654 | Lair:3   | Reached skill level 7 in Stealth
 15454 | Lair:4   | Noticed a death yak
 15455 | Lair:4   | Noticed a death yak
 15456 | Lair:4   | Noticed a death yak
 15458 | Lair:4   | Noticed a death yak
 15465 | Lair:4   | Noticed a death yak
 15469 | Lair:4   | Killed a death yak
 15470 | Lair:4   | Reached skill level 9 in Air Magic
 15552 | Lair:4   | Reached skill level 9 in Poison Magic
 15568 | Lair:4   | Noticed a five-headed hydra
 15660 | Lair:4   | Killed a death yak
 15661 | Lair:4   | Reached skill level 7 in Spellcasting
 15661 | Lair:4   | Reached skill level 1 in Invocations
 15692 | Lair:3   | Killed a death yak
 15846 | Lair:3   | Killed a death yak
 15847 | Lair:3   | Reached skill level 9 in Conjurations
 15847 | Lair:3   | Reached skill level 2 in Invocations
 16043 | Lair:3   | Killed a death yak
 16044 | Lair:3   | Reached skill level 9 in Dodging
 16044 | Lair:3   | Reached skill level 3 in Invocations
 16174 | Lair:4   | Noticed a four-headed hydra
 16185 | Lair:4   | Killed a four-headed hydra
 16186 | Lair:4   | Reached skill level 4 in Invocations
 16286 | Lair:4   | Reached skill level 8 in Spellcasting
 16360 | Lair:4   | Killed a five-headed hydra
 16360 | Lair:4   | Reached ****** piety under Sif Muna
 16663 | Lair:4   | Reached skill level 5 in Invocations
 16672 | Lair:4   | Identified Sif Muna's Almanac of Mutagenic Snow (Sif Muna
                  | gifted it to you on level 4 of the Lair of Beasts)
 16672 | Lair:4   | Received a gift from Sif Muna
 16879 | Lair:4   | Reached skill level 10 in Dodging
 17236 | Lair:5   | Noticed a six-headed hydra
 17243 | Lair:5   | Noticed a death yak
 17244 | Lair:5   | Killed a six-headed hydra
 17245 | Lair:5   | Reached skill level 9 in Spellcasting
 17245 | Lair:5   | Reached skill level 6 in Invocations
 17398 | Lair:5   | Noticed a catoblepas
 17403 | Lair:5   | Noticed a death yak
 17404 | Lair:5   | Noticed a death yak
 17512 | Lair:5   | Reached XP level 13. HP: 91/91 MP: 19/27
 17729 | Lair:5   | Reached skill level 7 in Invocations
 17888 | Lair:5   | Reached skill level 10 in Spellcasting
 18185 | Lair:5   | Reached skill level 6 in Fighting
 18293 | Lair:5   | Reached skill level 8 in Invocations
 18847 | Lair:6   | Entered Level 6 of the Lair of Beasts
 18847 | Lair:6   | Found a viscous altar of Jiyva.
 19010 | Lair:6   | Reached skill level 10 in Air Magic
 19041 | Lair:6   | Reached skill level 10 in Poison Magic
 19283 | Lair:6   | Reached skill level 11 in Dodging
 19560 | Lair:6   | Reached skill level 12 in Dodging
 19609 | Lair:6   | Reached XP level 14. HP: 60/101 MP: 10/29
 20012 | Lair:6   | Reached skill level 7 in Fighting
 20662 | Lair:6   | Found a staircase to the Slime Pits.
 20927 | Lair:6   | Reached skill level 8 in Fighting
 21103 | Lair:6   | Reached skill level 9 in Invocations
 21395 | D:10     | Entered Level 10 of the Dungeon
 21879 | D:10     | Found a staircase to the Orcish Mines.
 22251 | D:10     | Identified the +5 chain mail "Giaqiv" {rElec rF- rN++
                  | Dex+4} (You found it on level 1 of the Lair of Beasts)
 22354 | D:10     | Learned a level 6 spell: Conjure Ball Lightning
 22362 | D:10     | Learned a level 7 spell: Orb of Destruction
 22452 | D:10     | Reached skill level 10 in Invocations
 23231 | D:11     | Found a flagged portal.
 23241 | Bailey   | Entered a bailey
 23345 | Bailey   | Found an iron altar of Okawaru.
 23359 | Bailey   | Received a gift from Sif Muna
 24249 | D:11     | Identified the ring "Zejai" {+Fly Int+2} (You acquired it
                  | on level 11 of the Dungeon)
 24249 | D:11     | Identified Hiunekh's Almanac of the Traveller (You acquired
                  | it on level 11 of the Dungeon)
 24326 | D:11     | Found Tafasoji's Book Emporium.
 24345 | D:11     | Reached skill level 10 in Conjurations
 24498 | D:11     | Found a runed translucent gate.
 24498 | D:11     | Found a runed translucent gate.
 24498 | D:11     | Found a runed translucent gate.
 24542 | D:11     | Found Yrghema Dure's Antique Weapon Shop.
 24560 | D:11     | Bought a smouldering rapier for 315 gold pieces
 24560 | D:11     | Identified the +1 rapier of Fautoez {flame, *Corrode rN+++
                  | Str+5 Stlth-} (You bought it in a shop on level 11 of the
                  | Dungeon)
 24914 | D:11     | Noticed pretsel's ghost (weakling FoBe)
 25012 | D:11     | Found Jeggi's Jewellery Boutique.
 25254 | D:12     | Entered Level 12 of the Dungeon
 25426 | D:12     | Found a staircase to the Depths.
 25691 | D:12     | Reached skill level 11 in Conjurations
 26030 | D:12     | Found Atuw's General Store.
 26040 | D:12     | Bought a scroll of fog for 26 gold pieces
 26529 | D:12     | Found a gate to the Vaults.
 26865 | D:11     | Bought the amulet "Nati" {Reflect rPois SH+2} for 309 gold
                  | pieces
 26891 | Orc      | Entered the Orcish Mines
 26899 | Orc      | Reached skill level 12 in Conjurations
 27310 | Orc      | Noticed Donald
 27320 | Orc      | Killed Donald
 27607 | Orc      | Found a staircase to the Elven Halls.
 27893 | Orc      | Identified Sif Muna's Compendium of Shifting Conjuration
                  | (Sif Muna gifted it to you in the Orcish Mines)
 27893 | Orc      | Received a gift from Sif Muna
 28076 | Orc      | Reached skill level 13 in Conjurations
 28113 | Orc      | Reached XP level 15. HP: 110/110 MP: 9/30
 28384 | Orc      | Found Riamor's Jewellery Shop.
 28385 | Orc      | Found a roughly hewn altar of Beogh.
 28386 | Orc      | Found Woal's Magic Scroll Shop.
 28392 | Orc      | Bought the ring of the Mage {MR+ Archmagi} for 736 gold
                  | pieces
 28392 | Orc      | Found the ring of the Mage {MR+ Archmagi}
 28401 | Orc      | Bought a scroll of blinking for 105 gold pieces
 28401 | Orc      | Bought a scroll of fear for 70 gold pieces
 28415 | Orc      | Found Hiroq's Weapon Boutique.
 28539 | Orc      | Found Ughaawui's Book Emporium.
 29047 | Shoals:1 | Entered Level 1 of the Shoals
 29391 | Shoals:1 | Reached skill level 14 in Conjurations
 29540 | Shoals:1 | Reached skill level 11 in Air Magic
 29953 | Shoals:1 | Got a translucent ivory ring
 30280 | Shoals:1 | Noticed a kraken
 30287 | Shoals:1 | Killed a kraken
 30288 | Shoals:1 | Identified Sif Muna's Almanac of Changing (Sif Muna gifted
                  | it to you on level 1 of the Shoals)
 30288 | Shoals:1 | Received a gift from Sif Muna
 30288 | Shoals:1 | Reached skill level 12 in Air Magic
 30749 | Shoals:2 | Identified the ring of Ycy Xelu {+Fly Int+4} (You found it
                  | on level 1 of the Shoals)
 30769 | Shoals:2 | Learned a level 5 spell: Irradiate
 30887 | Shoals:2 | Reached skill level 11 in Spellcasting
 31120 | Shoals:2 | Identified the +6 morningstar "Isugiz" {drain, MP+9 Int+7}
 31282 | Shoals:2 | Identified the cursed ring of Beogh's Delight {Ice Str+2}
 32301 | Shoals:2 | Found Biastour's Antique Weapon Shoppe.
 32591 | Shoals:3 | Entered Level 3 of the Shoals
 33079 | Shoals:3 | Reached skill level 13 in Air Magic
 33079 | Shoals:3 | Reached XP level 16. HP: 92/117 MP: 15/32
 33295 | Shoals:3 | Identified Pitel's Disquisition on the Rocks (Sif Muna
                  | gifted it to you on level 3 of the Shoals)
 33295 | Shoals:3 | Received a gift from Sif Muna
 33296 | Shoals:3 | Reached skill level 15 in Conjurations
 33877 | Shoals:3 | HP: 12/117 [manticore/volley of spikes (12)]
 34376 | Elf:1    | Entered Level 1 of the Elven Halls
 35470 | Elf:1    | HP: 12/117 [+1 war axe of chopping (16)]
 35731 | Elf:1    | Reached skill level 14 in Air Magic
 36074 | Elf:1    | Identified Sif Muna's Almanac of Conjuration and the
                  | Entourage (Sif Muna gifted it to you on level 1 of the
                  | Elven Halls)
 36074 | Elf:1    | Received a gift from Sif Muna
 36217 | Elf:1    | Reached skill level 12 in Spellcasting
 36408 | Elf:1    | Found a large runed translucent door.
 36408 | Elf:1    | Found a large runed translucent door.
 36412 | Elf:1    | Noticed tronn's ghost (journeyman GnFi)
 36414 | Elf:1    | Found the +6 Hendrick's axe {distort, *noise, +Frenzy
                  | Dex+6}
 38010 | Vaults:1 | Entered Level 1 of the Vaults
 38099 | Vaults:1 | Reached skill level 16 in Conjurations
 38377 | Vaults:1 | Identified Sif Muna's Papyrus of the Flying Rocks (Sif Muna
                  | gifted it to you on level 1 of the Vaults)
 38377 | Vaults:1 | Received a gift from Sif Muna
 38411 | Vaults:1 | Reached skill level 13 in Spellcasting
 38411 | Vaults:1 | Reached XP level 17. HP: 103/122 MP: 8/35
 38417 | Vaults:1 | Reached skill level 15 in Air Magic
 38540 | Vaults:1 | Learned a level 8 spell: Chain Lightning
 39315 | Vaults:1 | Reached skill level 16 in Air Magic
 39822 | Vaults:1 | Identified Sif Muna's Grimoire of Earthen Combat Magic (Sif
                  | Muna gifted it to you on level 1 of the Vaults)
 39822 | Vaults:1 | Received a gift from Sif Muna
 40653 | Snake:1  | Entered Level 1 of the Snake Pit
 40742 | Snake:1  | Found Maacw's Weapon Boutique.
 41076 | Snake:1  | Reached skill level 17 in Conjurations
 41076 | Snake:1  | Reached skill level 17 in Air Magic
 42287 | Snake:2  | Identified Abluoq's Volume of Ghastly Weightlessness (Sif
                  | Muna gifted it to you on level 2 of the Snake Pit)
 42287 | Snake:2  | Received a gift from Sif Muna
 42411 | Snake:2  | Reached skill level 14 in Spellcasting
 42464 | Snake:2  | Learned a level 6 spell: Poison Arrow
 42626 | Snake:2  | Found a stormy altar of Qazlal.
 42767 | Snake:2  | Reached XP level 18. HP: 72/129 MP: 11/37
 43623 | Snake:3  | Entered Level 3 of the Snake Pit
 43623 | Snake:3  | Found Peledd's Antique Weapon Boutique.
 43629 | Snake:3  | Reached skill level 15 in Spellcasting
 43964 | Snake:3  | Found a shimmering altar of Xom.
 43964 | Snake:3  | Found a shimmering altar of Xom.
 43983 | Snake:3  | Reached skill level 9 in Fighting
 44150 | Snake:3  | Found a shimmering altar of Xom.
 44260 | Snake:3  | Found a shimmering altar of Xom.
 44373 | Snake:3  | Reached skill level 10 in Fighting
 44375 | Snake:3  | Found a shimmering altar of Xom.
 44379 | Snake:3  | Found a shimmering altar of Xom.
 44381 | Snake:3  | Got a serpentine rune of Zot
 44591 | Snake:3  | Found a shimmering altar of Xom.
 44842 | Snake:3  | Reached skill level 13 in Dodging
 45153 | Snake:3  | Found Hoixzax's Assorted Antiques.
 45632 | Snake:3  | Bought a scroll of teleportation for 111 gold pieces
 45720 | Snake:3  | Identified Foywiedu's Compendium of Creative Ice (Sif Muna
                  | gifted it to you on level 3 of the Snake Pit)
 45720 | Snake:3  | Received a gift from Sif Muna
 45803 | Snake:3  | Found Rufuth's Weapon Emporium.
 45807 | Snake:3  | Found a radiant altar of Vehumet.
 45829 | Snake:3  | Found Zudoureu's Food Shop.
 46392 | Shoals:3 | Reached skill level 14 in Dodging
 46522 | Shoals:3 | Identified the ring of Limitation {Ice rPois Str-5 Stlth+}
 46611 | Shoals:3 | Reached skill level 8 in Armour
 47176 | Shoals:3 | Identified the cursed amulet "Lyst" {Inacc Dex+3}
 47184 | Shoals:3 | Found the +3 crown of Dyrovepreva {rElec Int+2 SInv}
 47187 | Shoals:3 | Reached skill level 9 in Armour
 47516 | Shoals:3 | Got a barnacled rune of Zot
 47792 | Shoals:3 | Found the cursed +6 arbalest "Damnation" {hellfire, *Curse}
 48035 | Shoals:3 | Identified the ring "Jucar" {rPois Slay+4}
 48138 | Shoals:3 | Reached XP level 19. HP: 140/140 MP: 14/39
 49388 | Vaults:1 | Found Gekej's Assorted Antiques.
 49396 | Vaults:1 | Bought a scroll of teleportation for 108 gold pieces
 49438 | Vaults:1 | Reached skill level 8 in Short Blades
 49438 | Vaults:1 | Reached skill level 8 in Stealth
 50071 | Orc      | Bought the ring of Jitajyeg {rF+ rC++ rN+} for 824 gold
                  | pieces
 50278 | Vaults:2 | Reached skill level 10 in Armour
 50461 | Vaults:2 | Found a staircase to the Crypt.
 50464 | Vaults:2 | Reached skill level 9 in Short Blades
 50516 | Vaults:2 | Reached skill level 9 in Stealth
 50786 | Vaults:2 | Reached skill level 11 in Fighting
 51579 | Vaults:2 | Found a large runed translucent door.
 51579 | Vaults:2 | Found a large runed translucent door.
 51580 | Vaults:2 | Found a large runed translucent door.
 51580 | Vaults:2 | Found a large runed translucent door.
 51580 | Vaults:2 | Found a large runed translucent door.
 51580 | Vaults:2 | Found a large runed translucent door.
 51580 | Vaults:2 | Found a large runed translucent door.
 51580 | Vaults:2 | Found a large runed translucent door.
 51580 | Vaults:2 | Noticed ragingrage's ghost (veteran HOFi)
 51633 | Vaults:2 | Reached skill level 16 in Spellcasting
 51777 | Vaults:2 | Identified Sif Muna's Handbook of Assistive Attacks (Sif
                  | Muna gifted it to you on level 2 of the Vaults)
 51777 | Vaults:2 | Received a gift from Sif Muna
 52259 | Vaults:2 | Found Budgh's Weapon Boutique.
 52624 | Vaults:2 | Noticed Xtahua
 52630 | Vaults:2 | Killed Xtahua
 52631 | Vaults:2 | Reached XP level 20. HP: 150/150 MP: 17/41
 52631 | Vaults:2 | Found the +6 fire dragon scales of Xtahua {rF+++ rC- MR+}
 53115 | Depths:1 | Entered Level 1 of the Depths
 53130 | Depths:1 | Reached skill level 18 in Conjurations
 53130 | Depths:1 | Reached skill level 18 in Air Magic
 53369 | Depths:1 | Found a one-way gate leading to the halls of Pandemonium.
 53393 | Depths:1 | Noticed Asterion
 53398 | Depths:1 | Killed Asterion
 53399 | Depths:1 | Reached skill level 11 in Invocations
 53649 | Depths:1 | Reached skill level 12 in Invocations
 53807 | Depths:1 | Identified the ring "Yken Fiuboi" {+Fly SInv}
 53846 | Depths:1 | Found a transporter.
 53846 | Depths:1 | Noticed tronn's ghost (journeyman GnWz)
 53886 | Depths:1 | Noticed a golden dragon
 54156 | Depths:1 | Found a transporter.
 54278 | Depths:1 | Identified the +0 medium shield of Gravity {*Drain +Inv
                  | +Fly Slay+5}
 54601 | Depths:1 | Reached skill level 13 in Invocations
 54704 | Depths:1 | Found a gateway to Hell.
 54964 | Depths:2 | Identified Erphofui's Grimoire of Confrontation and
                  | Weightlessness (Sif Muna gifted it to you on level 2 of the
                  | Depths)
 54964 | Depths:2 | Received a gift from Sif Muna
 55150 | Depths:2 | Found Umenil's Weapon Boutique.
 55251 | Depths:2 | Found a gateway to a ziggurat.
 55336 | Depths:2 | Reached skill level 12 in Fighting
 55554 | Depths:2 | Noticed a golden dragon
 55555 | Depths:2 | Found a transporter.
 55853 | Depths:2 | Found the +1 pair of gauntlets of War {Slay+6}
 55866 | Depths:2 | Found a transporter.
 55870 | Depths:2 | Noticed a juggernaut
 56033 | Depths:2 | Reached skill level 13 in Fighting
 56703 | Elf:2    | Found a runed gate.
 56727 | Elf:2    | Noticed Bai Suzhen
 56916 | Elf:2    | Killed Bai Suzhen
 56917 | Elf:2    | Reached XP level 21. HP: 98/162 MP: 4/42
 57368 | Elf:2    | Found a runed gate.
 57368 | Elf:2    | Found a runed gate.
 57676 | Elf:3    | Entered Level 3 of the Elven Halls
 57829 | Elf:3    | Received a gift from Sif Muna
 58201 | Elf:3    | Noticed Blork the orc
 58206 | Elf:3    | Killed Blork the orc
 58253 | Elf:3    | Found a shimmering blue altar of Sif Muna.
 58931 | Elf:3    | Identified the cursed +1 quarterstaff of Evisceration
                  | {crush, Dex+3}
 58931 | Elf:3    | Identified the ring "Avillergh" {rF++ MP+9}
 58934 | Elf:3    | Reached skill level 19 in Conjurations
 58934 | Elf:3    | Reached skill level 19 in Air Magic
 58934 | Elf:3    | Identified the +2 broad axe of the Twisting Saviour {flame,
                  | *Slow rN+ MP+9 Str+6}
 59142 | Elf:3    | Learned a level 2 spell: Swiftness
 59260 | Elf:3    | Reached skill level 17 in Spellcasting
 59922 | Elf:3    | Identified the +8 war axe of Linearity {drain, *Drain rF++}
 60504 | Slime:1  | Entered Level 1 of the Pits of Slime
 61206 | Slime:3  | Identified Sif Muna's Collected Works on Spatial Venom (Sif
                  | Muna gifted it to you on level 3 of the Pits of Slime)
 61206 | Slime:3  | Received a gift from Sif Muna
 61447 | Slime:4  | Noticed Dissolution
 62306 | Slime:2  | Reached XP level 22. HP: 138/170 MP: 35/44
 62389 | Slime:2  | Reached skill level 11 in Armour
 62389 | Slime:2  | Reached skill level 14 in Invocations
 62873 | Slime:1  | Reached skill level 15 in Dodging
 63398 | Slime:4  | Reached skill level 14 in Fighting
 63493 | Slime:3  | Killed Dissolution
 63659 | Slime:5  | Entered Level 5 of the Pits of Slime
 63731 | Slime:5  | Noticed the Royal Jelly
 63735 | Slime:5  | Killed the Royal Jelly
 63736 | Slime:5  | Reached skill level 12 in Armour
 64231 | Slime:5  | Identified the +4 dagger "Elf's Doom" {elec, Str+5 Dex-4
                  | SInv}
 64233 | Slime:5  | Identified the amulet of Vostry {Acrobat Dex+2 SInv}
 64305 | Slime:5  | Identified Ijurphy's Reference Book on the Snowflakes
 64333 | Slime:5  | Identified Sif Muna's Guide on Unstable Glamour
 64374 | Slime:5  | Got a slimy rune of Zot
 64742 | Depths:3 | Reached skill level 16 in Dodging
 65166 | Depths:3 | Noticed a golden dragon
 65168 | Depths:3 | Noticed a golden dragon
 65168 | Depths:3 | Noticed a caustic shrike
 65169 | Depths:3 | Killed a caustic shrike
 65170 | Depths:3 | Reached skill level 15 in Fighting
 65170 | Depths:3 | Reached skill level 13 in Armour
 65171 | Depths:3 | Noticed a Killer Klown
 65174 | Depths:3 | Killed a Killer Klown
 65559 | Depths:3 | Reached XP level 23. HP: 181/181 MP: 27/45
 65728 | Depths:3 | Received a gift from Sif Muna
 65742 | Depths:3 | Learned a level 6 spell: Deflect Missiles
 66108 | Depths:3 | Killed a golden dragon
 66277 | Depths:1 | Killed a golden dragon
 66458 | Depths:1 | Identified the +8 plate armour "Xugoten" {MP+9}
 66802 | Depths:3 | Found a corrupted altar of Lugonu.
 66802 | Depths:3 | Found a one-way gate to the infinite horrors of the Abyss.
 66817 | Depths:3 | Reached skill level 20 in Conjurations
 66817 | Depths:3 | Reached skill level 20 in Air Magic
 66909 | Depths:3 | Killed a golden dragon
 67183 | Depths:3 | Identified the Volume of Protection and Cold
 67419 | Depths:3 | Noticed a caustic shrike
 67420 | Depths:3 | Identified Sif Muna's Compendium of Flames and Beguiling
                  | (Sif Muna gifted it to you on level 3 of the Depths)
 67420 | Depths:3 | Received a gift from Sif Muna
 67420 | Depths:3 | Killed a caustic shrike
 67493 | Depths:3 | Noticed a caustic shrike
 67494 | Depths:3 | Killed a caustic shrike
 67631 | Depths:3 | Identified the ring of Jicew {+Fly rElec Str+6 Dex+7}
 67635 | Depths:3 | Identified the +5 ring mail of Cicudgh {-Cast +Blink SInv}
 67637 | Depths:3 | Identified the +9 plate armour of Cocytus {rPois rC+
                  | Stlth-}
 68375 | Depths:4 | Noticed a juggernaut
 68382 | Depths:4 | Killed a juggernaut
 68803 | Depths:4 | Noticed a caustic shrike
 68804 | Depths:4 | Noticed a juggernaut
 68805 | Depths:4 | Identified Sif Muna's Grimoire of Dusty Confrontation (Sif
                  | Muna gifted it to you on level 4 of the Depths)
 68805 | Depths:4 | Received a gift from Sif Muna
 68808 | Depths:4 | Killed a caustic shrike
 68809 | Depths:4 | Reached skill level 21 in Conjurations
 68809 | Depths:4 | Reached skill level 21 in Air Magic
 68812 | Depths:4 | Killed a juggernaut
 68836 | Depths:4 | Reached XP level 24. HP: 154/188 MP: 5/45
 68953 | Depths:4 | Noticed a juggernaut
 69162 | Depths:4 | Identified the ring "Xeleeb" {*Corrode rElec rPois MR+
                  | Int+5 Dex+3}
 69171 | Depths:4 | Reached skill level 18 in Spellcasting
 69180 | Depths:4 | Learned a level 8 spell: Glaciate
 69338 | Depths:4 | Identified the amulet of Qeucoriz {Spirit *Drain rElec
                  | Int+7}
 69343 | Depths:4 | Noticed a golden dragon
 69349 | Depths:4 | Killed a golden dragon
 69363 | Depths:4 | Killed a juggernaut
 69364 | Depths:4 | Received a gift from Sif Muna
 69457 | Depths:4 | Identified the Catalogue of Transmigration
 70415 | Depths:5 | Entered Level 5 of the Depths
 70584 | Depths:5 | Noticed a juggernaut
 70885 | Depths:5 | Reached skill level 22 in Conjurations
 70885 | Depths:5 | Reached skill level 22 in Air Magic
 70902 | Depths:5 | Killed a juggernaut
 71549 | Depths:5 | Noticed a golden dragon
 71552 | Depths:5 | Killed a golden dragon
 71569 | Depths:5 | Found a gate to the Realm of Zot.
 71601 | Depths:5 | Identified Sif Muna's Volume of Enhancements and
                  | Malediction (Sif Muna gifted it to you on level 5 of the
                  | Depths)
 71601 | Depths:5 | Received a gift from Sif Muna
 72111 | Depths:5 | Reached skill level 14 in Armour
 72256 | Depths:5 | Reached XP level 25. HP: 194/194 MP: 40/46
 72488 | Zot:1    | Entered Level 1 of the Realm of Zot
 72502 | Zot:1    | Reached skill level 17 in Dodging
 72847 | Zot:3    | Reached skill level 15 in Armour
 73478 | Zot:5    | Entered Level 5 of the Realm of Zot
 74059 | Zot:5    | Identified Sif Muna's Papyrus of Hurtful Displacement (Sif
                  | Muna gifted it to you on level 5 of the Realm of Zot)
 74059 | Zot:5    | Received a gift from Sif Muna
 74171 | Zot:5    | Noticed a Killer Klown
 74191 | Zot:5    | Killed a Killer Klown
 74706 | Zot:5    | Noticed an ancient lich
 74708 | Zot:5    | Reached skill level 23 in Conjurations
 74708 | Zot:5    | Reached skill level 23 in Air Magic
 74710 | Zot:5    | Killed an ancient lich
 74710 | Zot:5    | Noticed a golden dragon
 74715 | Zot:5    | Noticed a Killer Klown
 74721 | Zot:5    | Killed a golden dragon
 74802 | Zot:5    | Noticed an ancient lich
 74808 | Zot:5    | Killed an ancient lich
 74944 | Zot:5    | Noticed an orb of fire
 74950 | Zot:5    | Killed an orb of fire
 74951 | Zot:5    | Reached skill level 16 in Fighting
 75130 | Zot:5    | Killed a Killer Klown
 75131 | Zot:5    | Reached XP level 26. HP: 204/204 MP: 28/46
 75192 | Zot:5    | Noticed an orb of fire
 75199 | Zot:5    | Killed an orb of fire
 75276 | Zot:5    | Gained mutation: Scrolls take you a little longer to read.
                  | [a Zot trap]
 75276 | Zot:5    | Gained mutation: You are weak. (Str -2) [a Zot trap]
 75281 | Zot:5    | Reached skill level 15 in Invocations
 75283 | Zot:5    | Noticed an ancient lich
 75288 | Zot:5    | Noticed an orb of fire
 75289 | Zot:5    | Killed an ancient lich
 75291 | Zot:5    | Gained mutation: Potions are less effective at restoring
                  | your health. [an orb of fire]
 75295 | Zot:5    | Gained mutation: You are clumsy. (Dex -2) [an orb of fire]
 75296 | Zot:5    | Gained mutation: You are dopey. (Int -2) [an orb of fire]
 75298 | Zot:5    | Killed an orb of fire
 75299 | Zot:5    | Reached skill level 16 in Armour
 75485 | Zot:5    | Noticed a Killer Klown
 75494 | Zot:5    | Killed a Killer Klown
 75667 | Zot:5    | Reached skill level 18 in Dodging
 75715 | Zot:5    | Noticed a golden dragon
 75718 | Zot:5    | Killed a golden dragon
 75806 | Zot:5    | Noticed a Killer Klown
 75810 | Zot:5    | Killed a Killer Klown
 76053 | Zot:5    | Got the Orb of Zot
 76098 | Zot:5    | Noticed a seraph
 76153 | Zot:4    | Lost mutation: You are dopey. (Int -2) [potion of mutation]
 76153 | Zot:4    | Lost mutation: You are clumsy. (Dex -2) [potion of
                  | mutation]
 76153 | Zot:4    | Gained mutation: You have a pair of small horns on your
                  | head. [potion of mutation]
 76153 | Zot:4    | Gained mutation: You are partially covered in molten
                  | scales. (AC +2) [potion of mutation]
 76154 | Zot:4    | Lost mutation: You are partially covered in molten scales.
                  | (AC +2) [potion of mutation]
 76154 | Zot:4    | Lost mutation: Potions are less effective at restoring your
                  | health. [potion of mutation]
 76154 | Zot:4    | Gained mutation: You are dopey. (Int -2) [potion of
                  | mutation]
 76154 | Zot:4    | Lost mutation: You are dopey. (Int -2) [potion of mutation]
 76154 | Zot:4    | Gained mutation: Your flesh is heat resistant. (rF+)
                  | [potion of mutation]
 76174 | Zot:4    | Noticed Josygg the pandemonium lord
 76180 | Zot:4    | Killed Josygg the pandemonium lord
 76361 | Depths:2 | Noticed Saorom the pandemonium lord
 76529 | D:9      | Reached skill level 17 in Armour
 76529 | D:9      | Reached skill level 19 in Dodging
 76569 | D:7      | Noticed Toeb the pandemonium lord
 76580 | D:7      | Killed Toeb the pandemonium lord
 76713 | D:1      | Noticed Dishudul the pandemonium lord
 76718 | D:1      | Killed Dishudul the pandemonium lord
 76792 | D:1      | It is one hundred bitches.
 76792 | D:1      | best. fork. ever.
 76829 | D:$      | Escaped with the Orb!

Skill      XL: |  1  2  3  4  5  6  7  8  9 10 11 12 13 14 15 16 17 18 19 20 21 22 23 24 25 26 |
---------------+-------------------------------------------------------------------------------+-----
Unarmed Combat | 1 |  1.0
Armour         | 1 2 3 4 5 6 7 9 10 13 14 15 17 | 17.0
Short Blades   | 1 2 3 4 6 7 9 |  9.0
Air Magic      | 1 2 3 4 5 6 7 8 9 10 13 14 17 18 19 21 22 23 | 23.1
Fighting       | 1 2 3 4 5 6 8 10 11 13 15 16 | 16.9
Conjurations   | 2 3 4 6 7 8 9 13 14 16 17 18 19 21 22 23 | 23.0
Poison Magic   | 4 5 6 7 8 9 10 | 10.0
Dodging        | 3 4 5 6 8 10 12 14 16 17 19 | 19.0
Spellcasting   | 3 4 6 9 10 11 13 14 15 16 17 18 | 18.0
Stealth        | 3 5 6 7 9 |  9.0
Invocations    | 6 8 10 13 14 15 | 15.0

Action                   |  1- 3 |  4- 6 |  7- 9 | 10-12 | 13-15 | 16-18 | 19-21 | 22-24 | 25-27 || total
-------------------------+-------+-------+-------+-------+-------+-------+-------+-------+-------++-------
Melee: Unarmed           |    14 |       |       |       |       |       |       |       |       ||    14
       Dagger            |    12 |    26 |       |       |       |       |       |       |       ||    38
       Punch             |       |     1 |       |     1 |     1 |       |     1 |     1 |       ||     5
       Falchion          |       |    35 |   125 |   365 |   313 |       |       |       |       ||   838
       Staff             |       |       |       |       |     3 |    30 |     6 |    14 |     1 ||    54
       Rapier            |       |       |       |       |    11 |    15 |    21 |    44 |    32 ||   123
Throw: Tomahawk          |     3 |     7 |    12 |     8 |    26 |    11 |     1 |       |       ||    68
       Stone             |     2 |       |       |       |       |       |       |       |       ||     2
 Cast: Sting             |    55 |    37 |    64 |    22 |       |       |       |       |       ||   178
       Poisonous Vapours |    14 |    18 |    99 |   170 |   105 |     7 |       |       |       ||   413
       Ignite Poison     |       |       |       |    91 |   172 |    40 |     2 |     1 |       ||   306
       Olgreb's Toxic Ra |       |       |       |    43 |    51 |    12 |       |       |       ||   106
       Mephitic Cloud    |       |       |       |    10 |    94 |    25 |       |     2 |       ||   131
       Venom Bolt        |       |       |       |    10 |   216 |   119 |       |       |       ||   345
       Orb of Destructio |       |       |       |       |    25 |    73 |    31 |    30 |    27 ||   186
       Conjure Ball Ligh |       |       |       |       |    15 |     7 |       |       |       ||    22
       Irradiate         |       |       |       |       |     1 |    22 |    10 |    26 |     9 ||    68
       Chain Lightning   |       |       |       |       |       |   147 |   255 |   122 |    55 ||   579
       Poison Arrow      |       |       |       |       |       |    92 |   102 |   284 |   179 ||   657
       Deflect Missiles  |       |       |       |       |       |       |       |     1 |     1 ||     2
Invok: Divine Energy     |       |       |       |     3 |       |     1 |     7 |       |     6 ||    17
       Channel Magic     |       |       |       |       |    22 |    23 |    11 |    20 |    14 ||    90
       Moment of Magic   |       |       |       |       |       |       |       |     1 |       ||     1
 Abil: Evoke Flight      |       |       |       |       |     1 |       |       |       |       ||     1
Evoke: Wand              |       |       |       |     6 |       |     6 |     2 |     4 |    12 ||    30
  Use: Scroll            |     4 |     1 |     8 |    10 |    16 |    12 |     8 |     3 |    11 ||    73
       Potion            |       |       |       |     2 |     3 |     6 |     2 |     1 |     9 ||    23
 Stab: Sleeping          |       |       |     1 |     1 |       |       |       |       |       ||     2
       Paralysed         |       |       |       |     5 |       |    10 |       |     2 |       ||    17
       Petrified         |       |       |       |       |     5 |       |       |       |       ||     5
       Confused          |       |       |       |       |     4 |     2 |       |       |       ||     6
  Eat: Chunk             |     6 |     7 |    15 |    42 |    93 |    55 |    60 |    33 |     6 ||   317
       Ration            |       |     1 |     1 |     7 |    10 |    15 |     5 |     4 |     7 ||    50
Armor: Robe              |    15 |     1 |       |       |       |       |       |       |       ||    16
       Leather armour    |       |    22 |    69 |   105 |   117 |    61 |    26 |       |       ||   400
       Acid dragon scale |       |       |       |       |    24 |       |    12 |    42 |    13 ||    91
Dodge: Dodged            |    52 |    48 |   131 |   480 |   728 |   273 |   126 |   191 |    71 ||  2100
       Deflected         |       |       |       |       |       |       |       |    15 |    20 ||    35
Block: Other             |       |       |     3 |    12 |    59 |    24 |     5 |     2 |       ||   105
       Reflection        |       |       |       |       |     1 |     4 |     2 |       |       ||     7
       Buckler           |       |       |       |       |       |       |       |    29 |     8 ||    37

Levels and vault maps discovered:
D:1:      sevenhm_arrival_forest_fort_small_6, layout_basic, minmay_cupped
D:2:      layout_basic, chequers_ecumenical_altar_grove
D:3:      layout_basic, elyvilon_altar_5, kennysheep_vampire_church,
          gammafunk_ghost_cemetery, uniq_jessica
D:4:      minmay_general_purpose_star, layout_loops_corners,
          nicolae_qazlal_scattered_showers, ebering_ghost_sewer_f, first_ration,
          nicolae_ru_great_annihilating_truth
D:5:      layout_loops_cross, uniq_edmund, uniq_sigmund
D:6:      layout_basic, uniq_duvessa, uniq_prince_ribbit1
D:7:      layout_cave_pools, minmay_temple_entry_hall, the_bakery
D:8:      layout_layer_cave, basic_altar, nicolae_underground_beach,
          uniq_maurice
D:9:      layout_roguey, old_standard_altar, minmay_lair_entry_grove
D:10:     layout_layer_cave, minmay_orc_entry_guard_dogs
D:11:     layout_basic, serial_shops, nicolae_shop_trees, shop,
          nicolae_shop_behind_doors, gammafunk_ghost_icy, enter_bailey_4
D:12:     grunt_enter_depths_snipers, layout_loops_corners, david_vaults_5,
          serial_shops, shop, minmay_tree_intersection
Temple:   nicolae_temple_no_exploring_needed
Lair:1:   layout_hall_layers, amcnicky_mini_pool_medium
Lair:2:   layout_cave_pods, portal_ice_cave_rime
Lair:3:   layout_regular_city, bhauth_shoals_entry_nymph_pool,
          guppyfry_snake_entry_garden
Lair:4:   layout_loops_ring, grunt_megastairs_5
Lair:5:   layout_hall_layers, grunt_megastairs_4, serial_bayou_shore_b,
          serial_bayou_shore_b
Lair:6:   evilmike_catoblepas_cave, layout_loops_ring,
          minmay_slime_entry_oklob_open
Shoals:1: layout_shoals, nicolae_shoals_flooded_hall
Shoals:2: layout_shoals, serial_shops, shop, st_sunken_temple
Shoals:3: shoals_end_grunt_ice, layout_shoals, abandoned_shop, yaktaur_hedge
Snake:1:  layout_misc_corridors, serial_shops, shop, serial_bayou_shore_b
Snake:2:  layout_gridlike, basic_altar, lemuel_fruit_tree
Snake:3:  hellmonk_snake_rune_mutagenic_temple, layout_misc_corridors,
          basic_altar, serial_shops, nicolae_shop_trees, shop_fountains, shop,
          nicolae_shop_statue_plus, spider_trap, fake_guardian_serpent_vault
Slime:1:  layout_caves, cheibrodos_slime_lost_civilization_4
Slime:2:  layout_caves, special_room [special_room_jelly]
Slime:3:  layout_caves
Slime:4:  layout_caves, uniq_dissolution
Slime:5
Orc:      hellmonk_orc_salted, layout_caves, uniq_donald
Elf:1:    eino_elf_arrival_customs, layout_onion_city,
          ebering_ghost_disaster_area, grunt_ministairs_3, eino_tiny_chamber
Elf:2:    elven_hall_of_blades_hangedman_original [nicolae_blade_lattice],
          layout_rooms, uniq_bai_suzhen, uniq_aizul
Elf:3:    minmay_elf_hall_four_x, layout_loops_corners,
          hangedman_elf_simple_split, tgw_sif
Vaults:1: nicolae_vaults_specimen_jars, nicolae_vaults_angled_halls, v_misc_3,
          v_alt_pattern_1, nicolae_vaults_quartermaster, v_misc_22,
          ontoclasm_vaults_eye, v_misc_15, vaults_room_grunt_arrival_ludios,
          vaults_dpeg_diagonal, v_pattern_2, layout_vaults_omnicross,
          serial_shops, shop
Vaults:2: advil_vaults_ghost_lines, nicolae_vaults_hallways_thing,
          vaults_room_fours, blue_anna_dwarven_crypt,
          nicolae_vaults_display_case, v_alt_pattern_6, nicolae_vaults_asterisk,
          hangedman_vaults_locks, v_rooms_2, nicolae_vaults_little_squares_1,
          v_misc_27, vaults_mumra_minichess_inversion, layout_vaults_omnigrid,
          serial_shops, nicolae_shop_window_shopping, uniq_xtahua
Depths:1: layout_long_grid, minmay_fountain_box, pan_entry,
          gammafunk_ghost_arena, grunt_hell_entry_dis_grunt, st_stairs_3,
          minivault_12, uniq_asterion
Depths:2: gammafunk_the_bubble [the_bubble_gammafunk_plus_minus],
          layout_gridville, enter_ziggurat_e, serial_shops, shop_statue,
          pf_coc_iceberg, hangedman_decor_diamond_cutter
Depths:3: little_maze_vault, layout_gridlike, rand_demon_pan_entry_7,
          serial_aquarium, aquarium_bridge_long_joined
          [aquarium_subvault_window, aquarium_subvault_wall,
          aquarium_subvault_bridge, aquarium_subvault_wall,
          aquarium_subvault_wall, aquarium_subvault_wall],
          aquarium_window_corridor_3, aquarium_window_2, aquarium_window_fake,
          aquarium_window_1, aquarium_view_2c, aquarium_view_2c,
          aquarium_balcony_3a, aquarium_pool_split, pf_dread_powers_of_hell,
          abyss_entry_flame_altar, infiniplex_staircase_x
Depths:4: minmay_the_grid_triangle_9x9_line_8_mashed
          [minmay_the_grid_triangle_9x9_minimal,
          minmay_the_grid_triangle_9x9_wacky_v,
          minmay_the_grid_triangle_9x9_corruption,
          minmay_the_grid_triangle_9x9_impossible_snake,
          minmay_the_grid_triangle_9x9_alien,
          minmay_the_grid_triangle_9x9_dagger,
          minmay_the_grid_triangle_9x9_zippers_vertical,
          minmay_the_grid_triangle_9x9_prize_schism], layout_basic, hell_entry,
          abyss_entry_small_statue_room
Depths:5: grunt_zot_entry_bicorn, layout_cave_pools, mu_enter_wizlab_4,
          chequers_big_river, grunt_pan_entry_sceptre, hell_entry, st_stairs_12,
          hangedman_abyss_or_decor_passed
Zot:1:    gammafunk_sealed_arena, layout_gridlike, st_stairs_3,
          hangedman_xom_zot_hilarity
Zot:2:    layout_gridlike, grunt_megastairs_1
Zot:3:    layout_misc_corridors
Zot:4:    layout_gridlike, grunt_megastairs_3
Zot:5:    layout_cathedral_of_symmetry, bh_zot_levy_curve

Table legend:
 A = Turns spent in this place as a percentage of turns spent in the entire game.
 B = Non-inter-level travel turns spent in this place as a percentage of non-inter-level travel turns spent in the entire game.
 C = Inter-level travel turns spent in this place as a percentage of turns spent in this place.
 D = Turns resting spent in this place as a percentage of non-inter-level travel turns spent in this place.
 E = Turns spent auto-exploring this place as a percentage of non-inter-level travel turns spent in this place.
 F = Non-inter-level travel turns spent in this place divided by the number of levels of this place that you've seen.
                   A       B       C       D       E      F
               +-------+-------+-------+-------+-------+----------------------
         Total | 100.0 | 100.0 |   7.5 |  27.5 |  53.6 | 1480.8
       Dungeon |  24.0 |  23.2 |  10.6 |  13.6 |  65.1 | 1372.0
        Temple |   0.0 |   0.0 |  40.0 |   0.0 |   0.0 |   9.0
          Lair |  14.3 |  13.6 |  11.8 |  24.2 |  55.4 | 1613.8
        Shoals |   9.4 |   9.7 |   4.4 |  45.1 |  39.2 | 2307.7
     Snake Pit |   7.2 |   7.6 |   1.5 |  34.6 |  48.1 | 1803.0
    Slime Pits |   5.1 |   5.4 |   2.4 |  60.3 |  20.6 | 766.2
  Orcish Mines |   3.0 |   2.5 |  21.2 |  17.3 |  61.0 | 1799.0
   Elven Halls |   8.5 |   8.5 |   7.6 |  30.7 |  55.0 | 2002.3
        Vaults |   8.1 |   8.4 |   3.6 |  25.4 |  56.1 | 2981.5
        Depths |  14.5 |  14.7 |   6.1 |  18.3 |  66.4 | 2093.0
           Zot |   4.7 |   5.0 |   3.0 |  55.8 |  16.7 | 705.2
        Bailey |   1.3 |   1.4 |   0.0 |  11.8 |  65.9 | 996.0
      Ice Cave |   0.0 |   0.0 |   0.0 |   0.0 |   0.0 |   4.0
               +-------+-------+-------+-------+-------+----------------------

Table legend:
 A = Kills in this place as a percentage of kills in entire the game.
 B = Kills by you in this place as a percentage of kills by you in the entire game.
 C = Kills by friends in this place as a percentage of kills by friends in the entire game.
 D = Other kills in this place as a percentage of other kills in the entire game.
 E = Experience gained in this place as a percentage of experience gained in the entire game.
 F = Experience gained in this place divided by the number of levels of this place that you have seen.
                   A       B       C       D       E      F
               +-------+-------+-------+-------+-------+----------------------
         Total | 100.0 | 100.0 | 100.0 | 100.0 | 100.0 | 30841.9
       Dungeon |  17.8 |  17.8 |   0.0 |   0.0 |   4.7 | 5747.9
          Lair |   9.2 |   9.2 |   0.0 |   0.0 |   4.3 | 10652.2
        Shoals |   6.7 |   6.5 | 100.0 |  50.0 |   5.6 | 27838.7
     Snake Pit |   8.1 |   8.1 |   0.0 |   0.0 |   5.9 | 28896.0
    Slime Pits |  10.5 |  10.5 |   0.0 |   0.0 |   9.4 | 27883.6
  Orcish Mines |   3.6 |   3.6 |   0.0 |   0.0 |   1.2 | 17588.0
   Elven Halls |   7.0 |   7.0 |   0.0 |  25.0 |   8.5 | 42074.7
        Vaults |  10.7 |  10.7 |   0.0 |   0.0 |  11.2 | 82721.0
        Depths |  18.0 |  18.0 |   0.0 |   0.0 |  29.4 | 87123.6
           Zot |   6.4 |   6.4 |   0.0 |   0.0 |  19.6 | 57888.6
        Bailey |   2.1 |   2.1 |   0.0 |  25.0 |   0.2 | 3587.0
               +-------+-------+-------+-------+-------+----------------------
